AoeStats
← 精锐蒙古突骑

Arena

510523092Analyzed
2v2 RM · 16h ago on Oct 1, 2026· 40m 48s· 4 players
Game mode
Random Map
Map size
Medium (4 player)
Population
200
Speed
Normal
Resources
Standard
Victory
Conquest
Starting age
Dark Age
Ending age
Imperial Age
RankedLock teamsTeams togetherTeam positionsShared explorationLock speedFull tech treeHidden civsTurbo modeCheats
Victory
Defeat
🇦🇷 Celts · Argentina
1323
+21
1322
+21
🇬🇧 Danes · United Kingdom
1484
-22
🇩🇪 Goths · Germany
1405
-20
aswjegk
8:47 Feudal Age
9:16 Double-Bit Axe
10:58 Horse Collar
16:25 Castle Age
15:48 Forging
21:17 Bow Saw
22:27 Heavy Plow
23:48 Stone Mining
25:54 Padded Archer Armor
26:36 Squires
30:03 Imperial Age
27:58 Ballistics
27:55 Fletching
28:23 Anarchy
28:33 Scale Mail Armor
32:17 Chemistry
31:28 Bodkin Arrow
37:11 Loom
38:02 Wheelbarrow
38:36 Bracer
39:58 Leather Archer Armor
Vetinari
10:28 Feudal Age
11:42 Loom
14:48 Castle Age
12:56 Stone Mining
12:58 Double-Bit Axe
14:26 Scale Mail Armor
14:39 Horse Collar
15:16 Gold Mining
18:17 Squires
22:40 Heavy Plow
25:58 Bow Saw
25:44 Town Watch
26:39 Wheelbarrow
29:03 Fletching
30:05 Bodkin Arrow
33:39 Imperial Age
31:11 Gambesons
32:42 Forging
33:19 Chain Mail Armor
34:46 Iron Casting
34:59 Conscription
34:41 Arson
34:55 Elite Varangian Guard
37:29 Hand Cart
37:09 Hamask
38:40 Plate Mail Armor
39:44 Blast Furnace
我没医保我不上
12:08 Feudal Age
13:42 Double-Bit Axe
13:39 Horse Collar
16:02 Castle Age
16:45 Loom
17:33 Bow Saw
23:08 Wheelbarrow
23:03 Gold Mining
23:22 Heavy Plow
26:13 Scale Mail Armor
26:34 Hand Cart
30:47 Imperial Age
29:02 Fortified Wall
29:46 Gold Shaft Mining
30:03 Chain Mail Armor
32:09 Conscription
32:00 Furor Celtica
31:15 Capped Ram
32:52 Plate Mail Armor
33:33 Forging
33:10 Town Watch
33:02 Heavy Scorpion
34:45 Ballistics
35:25 Chemistry
35:06 Siege Ram
37:23 Siege Engineers
37:22 Town Patrol
38:58 Iron Casting
精锐蒙古突骑
4:10 Double-Bit Axe
10:32 Feudal Age
14:28 Castle Age
12:47 Horse Collar
13:25 Bow Saw
14:46 Man-at-Arms
20:46 Long Swordsman
22:19 Scale Mail Armor
23:25 Squires
24:39 Arson
25:13 Chain Mail Armor
25:09 Forging
26:28 Wheelbarrow
26:19 Gold Mining
27:59 Iron Casting
30:56 Hand Cart
34:57 Imperial Age
32:56 Heavy Plow
36:28 Plate Mail Armor
35:31 Two-Handed Swordsman
37:24 Blast Furnace
37:47 Gold Shaft Mining
37:04 Champion
37:44 Capped Ram
38:19 Loom
38:20 Town Watch
Connection lost

Rejoining the realm…

Still unreachable

The connection could not be restored.

Session expired

The server has moved on; the page needs a fresh start.